 Dungeon Crawl Stone Soup version 0.16-a0-3880-g9314259 (console) character file.

6468 Fusha the Covert (level 11, -12/71 HPs)
             Began as a Halfling Assassin on Feb 1, 2015.
             Mangled by a large abomination (28 damage)
             ... on level 9 of the Dungeon.
             The game lasted 01:15:48 (13024 turns).

Fusha the Covert (Halfling Assassin)               Turns: 13024, Time: 01:15:48

Health: -12/71     AC:  7    Str: 17    XL:     11   Next: 19%
Magic:  13/13      EV: 25    Int: 10    God:
Gold:   501        SH:  7    Dex: 25    Spells: 0 memorised, 10 levels left

rFire  x . .     SeeInvis .     T - +4 short sword (flame)
rCold  + . .     Clarity  .     H - +0 leather armour
rNeg   . . .     SustAb   .     F - +0 buckler
rPois  +         Gourm    .     a - +0 helmet
rElec  .         Spirit   .     D - +0 cloak
rCorr  .         Warding  .     B - +0 pair of gloves
rMut   .         Stasis   .     v - +0 pair of boots
MR     +....                    R - amulet of Morality {Faith rC+ Str+3 Dex+2}
Stlth  +++++++...               E - ring of Psuew {rPois+ rF- Str+3 Dex+3 Stlth+}
                                I - ring of protection from magic

@: somewhat resistant to hostile enchantments, extremely stealthy
A: mutation resistance 1
a: no special abilities


You were on level 9 of the Dungeon.
You were not hungry.

You visited 2 branches of the dungeon, and saw 10 of its levels.

You collected 501 gold pieces.

Inventory:

Hand weapons
 b - a +0 blowgun
 T - a +4 short sword of flaming (weapon)
Missiles
 d - 4 tomahawks
 e - 24 poisoned needles
 f - 2 curare-tipped needles
 m - 169 stones (quivered)
 V - 3 throwing nets
Armour
 a - a +0 helmet (worn)
 v - a +0 pair of boots (worn)
 B - a +0 pair of gloves (worn)
 D - a +0 cloak (worn)
 F - a +0 buckler (worn)
 H - a +0 leather armour (worn)
Jewellery
 j - an uncursed amulet of guardian spirit
 t - an uncursed ring of magical power
 E - the ring of Psuew (right hand) {rPois+ rF- Str+3 Dex+3 Stlth+}
   (You found it on level 6 of the Dungeon)

   [ring of stealth]

   It affects your strength (+3).
   It affects your dexterity (+3).
   It makes you vulnerable to fire.
   It protects you from poison.
   It makes you more stealthy.
 I - a ring of protection from magic (left hand)
 K - an uncursed ring of poison resistance
 L - an uncursed ring of positive energy
 N - an uncursed ring of teleport control
 O - an uncursed amulet of rage
 R - the amulet of Morality (around neck) {Faith rC+ Str+3 Dex+2}
   (You found it on level 5 of the Dungeon)

   [amulet of faith]

   It allows you to gain divine favour quickly.
   It affects your strength (+3).
   It affects your dexterity (+2).
   It protects you from cold.
Magical devices
 w - a wand of teleportation (4)
 C - a wand of invisibility (1)
 G - a wand of magic darts (0)
Scrolls
 h - a scroll of fog {unknown}
 i - 3 scrolls of remove curse
 p - a scroll of magic mapping
 s - 3 scrolls of teleportation
 y - 2 scrolls of enchant armour
 z - 3 scrolls of recharging
 A - 4 scrolls of fear
 M - 2 scrolls of blinking
 U - a scroll of brand weapon
Potions
 k - 3 potions of restore abilities
 l - 2 potions of brilliance
 n - 2 potions of magic
 o - a potion of might
 q - a potion of haste
 r - a potion of cancellation
 x - a potion of curing
 J - a potion of flight
 P - a potion of invisibility
 Q - a potion of mutation
 S - a potion of ambrosia
Books
 X - a book of Alchemy

   Spells                             Type                      Level
   a - Sublimation of Blood           Necromancy                   2
   b - Alistair's Intoxication        Transmutation/Poison         4
   c - Condensation Shield            Ice                          4
   d - Petrify                        Transmutation/Earth          4
   e - Ignite Poison                  Fire/Transmutation           5
   f - Irradiate                      Conjuration/Transmutation    5
Comestibles
 c - 9 beef jerkies
 g - 10 bread rations
 u - a meat ration


   Skills:
 + Level 5.0 Fighting
 * Level 10.7 Short Blades
 + Level 3.4 Throwing
 - Level 1.5 Armour
 + Level 10.0 Dodging
 * Level 11.0 Stealth
 + Level 3.3 Shields
 + Level 1.5 Evocations


You had 10 spell levels left.
You didn't know any spells.

Dungeon Overview and Level Annotations

Branches:
Dungeon (9/15)             Temple (1/1) D:6            Lair (0/8) D:8
    Orc: D:9-12

Altars:
Ashenzari
Cheibriados
Elyvilon
Gozag
Kikubaaqudgha
Makhleb
Nemelex Xobeh
Qazlal
Ru
Sif Muna
Trog
Xom
Yredelemnul
Zin
The Shining One

Shops:
D:5 !


Innate Abilities, Weirdness & Mutations

You are small and have problems with some larger weapons.
You are somewhat resistant to further mutation.


Message History

You barely miss the large abomination.
The large abomination is severely damaged.
You block the large abomination's attack.
You hit the large abomination but do no damage.
The large abomination is severely damaged.
You puncture the large abomination! You burn the large abomination.
The large abomination is almost destroyed.
You block the large abomination's attack.
You hit the large abomination. You burn the large abomination.
The large abomination is almost destroyed.
You hit the large abomination but do no damage.
The large abomination is almost destroyed.
The large abomination hits you!!
* * * LOW HITPOINT WARNING * * *
You closely miss the large abomination.
The large abomination is almost destroyed.
You hit the large abomination but do no damage.
The large abomination is almost destroyed.
The large abomination hits you!!
You die...

#.# #.# #.
#.# #.# ##
#.###.#
#.....#
#..####
#..# #..#
#.## #@#
#X## ###
#..# ...
#..###[#
#.[....#
####'######
#..†.....#
#........#
#......).#


You could see a large abomination.

Vanquished Creatures
  A wizard (D:9)
  A komodo dragon (D:8)
  Eustachio (D:6)
  A deep elf fighter (D:4)
  Grum (D:9)
  2 large abominations (D:9)
  A hippogriff (D:8)
  The ghost of Fusha the Sneak, an average HaAs (D:3)
  3 wolves (D:9)
  A porcupine (D:8)
  An ice beast (D:4)
  A sky beast (D:8)
  A black bear (D:6)
  A phantom (D:5)
  3 orc warriors
  6 small abominations (D:9)
  7 centaurs
  A wasp (D:6)
  Sigmund (D:6)
  6 ogres
  Blork the orc (D:5)
  A giant frog (D:6)
  A wyvern skeleton (D:7)
  4 scorpions
  6 wights
  10 killer bees
  3 jellies
  A crimson imp (D:6)
  2 goliath beetles
  A lava snake (D:8)
  3 iguanas
  3 hounds
  5 worker ants
  A gnoll shaman (D:5)
  3 orc priests
  4 orc wizards
  Ijyb (D:3)
  Jessica (D:1)
  2 hound zombies
  A worker ant zombie (D:9)
  A river rat (D:6)
  12 gnolls
  A shadow imp (D:5)
  12 adders
  A giant mite (D:3)
  A worm (D:3)
  An adder zombie (D:9)
  An adder skeleton (D:5)
  3 giant geckos
  16 orcs
  A bat skeleton (D:6)
  18 hobgoblins
  11 jackals
  15 kobolds
  7 quokkas
  2 ball pythons (D:2)
  9 bats
  6 giant cockroaches
  5 giant newts
  4 giant spores
  10 goblins
  13 rats
  28 ballistomycetes
  A butterfly (D:6)
274 creatures vanquished.

Vanquished Creatures (others)
  A quasit (D:6)
  A giant spore (D:6)
  A plant (D:8)
3 creatures vanquished.

Grand Total: 277 creatures vanquished

Notes
Turn   | Place    | Note
--------------------------------------------------------------
     0 | D:1      | Fusha, the Halfling Assassin, began the quest for the Orb.
     0 | D:1      | Reached XP level 1. HP: 14/14 MP: 1/1
    38 | D:1      | Reached XP level 2. HP: 14/19 MP: 2/2
   143 | D:1      | Reached skill level 5 in Stealth
   308 | D:1      | Reached XP level 3. HP: 12/24 MP: 1/3
  1058 | D:2      | Noticed Jessica
  1086 | D:1      | Killed Jessica
  1086 | D:1      | Reached XP level 4. HP: 29/29 MP: 2/4
  1359 | D:1      | Reached skill level 6 in Stealth
  1518 | D:2      | Reached XP level 5. HP: 32/34 MP: 5/5
  1543 | D:2      | Found a white marble altar of Elyvilon.
  2144 | D:3      | Found a shimmering altar of Xom.
  2144 | D:3      | Found a shimmering altar of Xom.
  2145 | D:3      | Found a shimmering altar of Xom.
  2146 | D:3      | Found a shimmering altar of Xom.
  2158 | D:3      | Noticed Ijyb
  2163 | D:3      | Noticed Fusha's ghost (average HaAs)
  2170 | D:3      | You fall through a shaft for 3 floors!
  2242 | D:5      | Entered Level 5 of the Dungeon
  2247 | D:6      | Noticed an ogre
  2293 | D:6      | Noticed Sigmund
  2306 | D:6      | Got a sparkling glass ring
  2308 | D:6      | Noticed Eustachio
  2314 | D:6      | Reached XP level 6. HP: 35/39 MP: 6/6
  2522 | D:5      | Identified the ring of Psuew {rPois+ rF- Str+3 Dex+3 Stlth+} (You found it on level 6 of the Dungeon)
  3341 | D:4      | Reached skill level 7 in Stealth
  4125 | D:3      | Killed Ijyb
  4223 | D:3      | Killed Fusha's ghost
  4223 | D:3      | Reached skill level 1 in Armour
  4223 | D:3      | Reached XP level 7. HP: 14/45 MP: 6/7
  4479 | D:3      | Found a stormy altar of Qazlal.
  5042 | D:3      | HP: 1/45 [killer bee (6)]
  5864 | D:5      | Found Vowyuf's Distillery.
  5989 | D:4      | Reached skill level 5 in Short Blades
  5989 | D:4      | Reached XP level 8. HP: 24/51 MP: 9/9
  6258 | D:5      | Noticed a deep elf fighter
  6372 | D:5      | Reached skill level 5 in Dodging
  6474 | D:5      | Noticed a phantom
  6482 | D:5      | Killed a phantom
  6527 | D:5      | Noticed an orc warrior
  6527 | D:5      | Noticed Blork the orc
  6560 | D:5      | Killed Blork the orc
  6560 | D:5      | Reached skill level 8 in Stealth
  6752 | D:5      | Noticed an ice beast
  6954 | D:4      | Killed an ice beast
  7173 | D:4      | Killed a deep elf fighter
  7459 | D:5      | Killed an orc warrior
  7459 | D:5      | Reached XP level 9. HP: 57/57 MP: 10/10
  7495 | D:5      | Got a shimmering steel amulet
  7497 | D:5      | Identified the amulet of Morality {Faith rC+ Str+3 Dex+2} (You found it on level 5 of the Dungeon)
  7765 | D:6      | Noticed an ogre
  7789 | D:6      | Killed an ogre
  7936 | D:6      | Noticed a black bear
  8038 | D:6      | Killed an ogre
  8093 | D:6      | Killed a black bear
  9147 | D:6      | Found a staircase to the Ecumenical Temple.
  9172 | Temple   | Entered the Ecumenical Temple
  9382 | D:6      | Killed Sigmund
  9419 | D:6      | Reached skill level 1 in Shields
  9514 | D:6      | Reached skill level 1 in Evocations
  9611 | D:6      | Reached skill level 9 in Stealth
  9886 | D:7      | Reached XP level 10. HP: 64/64 MP: 12/12
 10865 | D:8      | Found a glowing silver altar of Zin.
 11037 | D:8      | Found a staircase to the Lair.
 11278 | D:6      | Reached skill level 10 in Stealth
 11348 | D:6      | Found a staircase to the Ecumenical Temple.
 11503 | D:6      | Killed Eustachio
 12527 | D:9      | Noticed Grum
 12550 | D:9      | Killed Grum
 12559 | D:9      | Reached skill level 10 in Short Blades
 12812 | D:9      | Noticed a wizard
 12821 | D:9      | Killed a wizard
 12821 | D:9      | Reached XP level 11. HP: 70/70 MP: 13/13
 12841 | D:9      | Noticed a large abomination
 12904 | D:9      | Reached skill level 10 in Dodging
 12996 | D:9      | Reached skill level 5 in Fighting
 12996 | D:9      | Reached skill level 11 in Stealth
 13024 | D:9      | Mangled by a large abomination

Action                   |  1- 3 |  4- 6 |  7- 9 | 10-12 || total
-------------------------+-------+-------+-------+-------++-------
Melee: Dagger            |   105 |   269 |   946 |       ||  1320
       Short sword       |       |       |    82 |   434 ||   516
 Fire: Blowgun           |       |       |     5 |       ||     5
Throw: Stone             |       |       |    26 |     3 ||    29
Evoke: Wand              |       |    10 |     4 |     4 ||    18
  Use: Potion            |     3 |       |     7 |     1 ||    11
       Scroll            |       |     8 |    10 |    10 ||    28
 Stab: Sleeping          |     7 |     8 |     6 |    17 ||    38
       Distracted        |     2 |     1 |     1 |     3 ||     7
       Confused          |       |     3 |       |       ||     3
  Eat: Royal jelly       |       |     1 |       |     2 ||     3
       Meat ration       |       |     1 |     3 |     1 ||     5
       Pizza             |       |     3 |       |       ||     3
       Fruit             |       |       |     7 |       ||     7
